AoeStats
← Fluvialgeomorphologist

Arabia

508809819Analyzed
3v3 RM · 7d ago on Sep 24, 2026· 45m 38s· 6 players
Game mode
Random Map
Map size
Normal (6 player)
Population
200
Speed
Normal
Resources
Standard
Victory
Conquest
Starting age
Dark Age
Ending age
Imperial Age
RankedLock teamsTeams togetherTeam positionsShared explorationLock speedFull tech treeHidden civsTurbo modeCheats
Victory
Defeat
🇲🇽 Persians · Mexico
1020
+15
🇲🇽 Britons · Mexico
1015
+15
🇲🇽 Saxons · Mexico
979
+16
🇨🇦 Poles · Canada
1035
-18
🇨🇦 Maya · Canada
992
-15
🇺🇸 Malians · United States
943
-13
TFalcitelli
0:26 Loom
9:50 Feudal Age
10:23 Double-Bit Axe
12:41 Fletching
14:01 Town Watch
19:28 Padded Archer Armor
24:32 Castle Age
23:25 Horse Collar
23:37 Gold Mining
25:38 Bodkin Arrow
25:14 Crossbowman
26:22 Leather Archer Armor
30:23 Ballistics
31:41 Wheelbarrow
35:42 Bow Saw
38:23 Imperial Age
37:09 Thumb Ring
39:26 Bracer
43:35 Chemistry
43:50 Arbalester
Fluvialgeomorphologist
11:26 Feudal Age
9:41 Loom
15:42 Castle Age
13:47 Double-Bit Axe
14:17 Horse Collar
22:17 Wheelbarrow
21:55 Stone Mining
23:38 Bow Saw
26:31 Crossbowman
27:16 Thumb Ring
29:52 Gold Mining
34:17 Imperial Age
33:08 Forging
33:04 Scale Barding Armor
33:14 Heavy Plow
36:21 Heavy Camel Rider
37:03 Husbandry
37:30 Man-at-Arms
38:34 Bloodlines
38:47 Conscription
39:37 Hand Cart
40:45 Gold Shaft Mining
40:42 Farimba
40:48 Light Cavalry
43:39 Iron Casting
crabjuice
3:47 Loom
11:42 Feudal Age
13:55 Horse Collar
22:10 Castle Age
21:39 Forging
22:47 Wheelbarrow
22:30 Bloodlines
24:36 Husbandry
26:01 Pikeman
26:43 Squires
37:20 Szlachta Privileges
37:54 Scale Barding Armor
Barquimides
10:09 Feudal Age
10:09 Man-at-Arms
11:49 Double-Bit Axe
13:27 Scale Mail Armor
20:36 Castle Age
20:38 Pikeman
21:48 Loom
24:41 Squires
25:08 Town Watch
26:56 Horse Collar
28:33 Forging
29:48 Stone Mining
29:50 Gold Mining
30:39 Heavy Plow
31:05 Gambesons
32:27 Wheelbarrow
33:22 Bow Saw
35:42 Chain Mail Armor
38:44 Imperial Age
37:13 Hand Cart
38:08 Town Patrol
38:33 Fletching
39:29 Gold Shaft Mining
39:52 Conscription
40:52 Ballistics
43:22 Two-Man Saw
43:06 Elite Hearth Troop
44:11 Arson
44:02 Long Swordsman
44:22 Shield Wall
46:25 Iron Casting
Blutt_SWD
1:11 Loom
9:29 Feudal Age
12:30 Double-Bit Axe
19:45 Horse Collar
24:05 Castle Age
24:55 Wheelbarrow
24:28 Crossbowman
24:31 Pikeman
25:56 Padded Archer Armor
28:44 Elite Skirmisher
32:47 Fletching
33:18 Hand Cart
35:55 Stone Mining
36:27 Town Watch
36:54 Bodkin Arrow
38:24 Heavy Plow
41:40 Imperial Age
44:46 Conscription
45:09 Elite Longbowman
46:02 Bracer
46:17 Leather Archer Armor
Mariostoteles
9:19 Feudal Age
12:31 Loom
20:07 Castle Age
19:33 Scale Barding Armor
19:40 Bloodlines
20:04 Horse Collar
20:18 Double-Bit Axe
24:07 Forging
27:41 Chain Barding Armor
28:47 Husbandry
29:23 Heavy Plow
31:06 Iron Casting
32:45 Wheelbarrow
35:23 Imperial Age
32:49 Gold Mining
32:51 Stone Mining
34:41 Scale Mail Armor
36:11 Thumb Ring
35:26 Crossbowman
35:33 Cavalier
36:37 Bow Saw
36:44 Town Watch
37:22 Hand Cart
38:33 Conscription
38:46 Kamandaran
38:40 Fletching
38:51 Padded Archer Armor
40:00 Pikeman
41:32 Plate Barding Armor
41:57 Blast Furnace
42:23 Chain Mail Armor
43:08 Blast Furnace
41:52 Savar
Connection lost

Rejoining the realm…

Still unreachable

The connection could not be restored.

Session expired

The server has moved on; the page needs a fresh start.